SA
NEBRASKA PLAINSMEN @ CHICAGO TULA
06/25/2022
 
TOP OF THE 1ST
Nebraska Plainsmen batting - Pitching for Chicago Tula : RHP Martin Swanson
Pitching: RHP Martin Swanson
Batting: RHB Bartolo Benítez 0-0: SINGLE (Groundball, 56)
Batting: RHB Young-hwan Hyon 0-0: Ball
Bartolo Benítez is caught stealing 2nd base
1-0: Foul Ball, location: 2F
1-1: Swinging Strike
1-2: Ground out 5-3 (Groundball, 56S)
Batting: RHB António Nava 0-0: Ball
1-0: Ball
2-0: Ball
3-0: Called Strike
3-1: Foul Ball, location: 2F
3-2: Foul Ball, location: 2F
3-2: Ground out 5-3 (Groundball, 5S)
Top of the 1st over - 0 run(s), 1 hit(s), 0 error(s), 0 left on base; Nebraska 0 - Chicago 0
BOTTOM OF THE 1ST
Chicago Tula batting - Pitching for Nebraska Plainsmen : RHP Manuel Hernández
Pitching: RHP Manuel Hernández
Batting: RHB Gil Nichols 0-0: Ball
1-0: Ball
2-0: Called Strike
2-1: Foul Ball, location: 2F
2-2: Ground out 4-3 (Groundball, 4S)
Batting: RHB Jorge Rodríguez 0-0: Called Strike
0-1: Ball
1-1: Foul Ball, location: 2F
1-2: Ball
2-2: Strikes out swinging
Batting: LHB Arturo Ballina 0-0: Ball
1-0: SOLO HOME RUN (Flyball, 89XD), Distance : 414 ft
Batting: LHB António González 0-0: Ground out 4-3 (Groundball, 34)
Bottom of the 1st over - 1 run(s), 1 hit(s), 0 error(s), 0 left on base; Nebraska 0 - Chicago 1
TOP OF THE 2ND
Nebraska Plainsmen batting - Pitching for Chicago Tula : RHP Martin Swanson
Batting: RHB Mike Thompson 0-0: Foul Ball, location: 2F
0-1: Fly out, F7 (Line Drive, 7M)
Batting: RHB Dani Trejo 0-0: Ball
1-0: Ground out 6-3 (Groundball, 6)
Batting: LHB Pedro Gutiérrez 0-0: Ball
1-0: Ball
2-0: Foul Ball, location: 2F
2-1: Fly out, F5 (Popup, 15)
Top of the 2nd over - 0 run(s), 0 hit(s), 0 error(s), 0 left on base; Nebraska 0 - Chicago 1
BOTTOM OF THE 2ND
Chicago Tula batting - Pitching for Nebraska Plainsmen : RHP Manuel Hernández
Batting: LHB Roberto Sánchez 0-0: Ball
1-0: Called Strike
1-1: Foul Ball, location: 2F
1-2: Strikes out swinging
Batting: LHB Gerald Kaufman 0-0: Foul Ball, location: 2F
0-1: SINGLE (Groundball, 56D)
Batting: RHB Mark Compton 0-0: Ball
1-0: Called Strike
1-1: Ball
2-1: Fly out, F4 (Popup, 4D)
Batting: RHB Miguel Cruz 0-0: Ball
1-0: Ball
2-0: Ball
3-0: Called Strike
3-1: Ground out 6-3 (Groundball, 6)
Bottom of the 2nd over - 0 run(s), 1 hit(s), 0 error(s), 1 left on base; Nebraska 0 - Chicago 1
TOP OF THE 3RD
Nebraska Plainsmen batting - Pitching for Chicago Tula : RHP Martin Swanson
Batting: RHB Miguel Gómez 0-0: Foul Ball, location: 2F
0-1: Swinging Strike
0-2: Ball
1-2: Ball
2-2: Ball
3-2: Ground out 5-3 (Groundball, 5)
Batting: LHB Alex Willis 0-0: SINGLE (Line Drive, 6MD)
Batting: RHB George St. Clair 0-0: Called Strike
0-1: Called Strike
0-2: Fielders Choice at 2nd, 1-6 (Groundball, 15)
Batting: RHB Bartolo Benítez 0-0: Ball
1-0: Ball
2-0: Ball
3-0: Called Strike
3-1: Ground out 6-3 (Groundball, 6)
Top of the 3rd over - 0 run(s), 1 hit(s), 0 error(s), 1 left on base; Nebraska 0 - Chicago 1
BOTTOM OF THE 3RD
Chicago Tula batting - Pitching for Nebraska Plainsmen : RHP Manuel Hernández
Batting: RHB Héctor Hernández 0-0: Foul Ball, location: 2F
0-1: Foul Ball, location: 2F
0-2: Strikes out swinging
Batting: RHB Gil Nichols 0-0: Foul Ball, location: 2F
0-1: Ball
1-1: Foul Ball, location: 2F
1-2: Foul Ball, location: 2F
1-2: Fly out, F7 (Flyball, 78M)
Batting: RHB Jorge Rodríguez 0-0: Ball
1-0: Ground out 6-3 (Groundball, 6)
Bottom of the 3rd over - 0 run(s), 0 hit(s), 0 error(s), 0 left on base; Nebraska 0 - Chicago 1
TOP OF THE 4TH
Nebraska Plainsmen batting - Pitching for Chicago Tula : RHP Martin Swanson
Batting: RHB Young-hwan Hyon 0-0: Swinging Strike
0-1: SINGLE (Line Drive, 89M)
Batting: RHB António Nava 0-0: Ball
1-0: Called Strike
1-1: Ball
2-1: Swinging Strike
2-2: Foul Ball, location: 2F
2-2: Ball
3-2: Strikes out swinging
Batting: RHB Mike Thompson 0-0: Ball
1-0: Called Strike
1-1: Ball
2-1: Grounds into double play, 1-4-3 (Groundball, 13)
Top of the 4th over - 0 run(s), 1 hit(s), 0 error(s), 0 left on base; Nebraska 0 - Chicago 1
BOTTOM OF THE 4TH
Chicago Tula batting - Pitching for Nebraska Plainsmen : RHP Manuel Hernández
Batting: LHB Arturo Ballina 0-0: Ball
1-0: Ground out 4-3 (Groundball, 4)
Batting: LHB António González 0-0: Swinging Strike
0-1: Ball
1-1: Ball
2-1: Foul Ball, location: 2F
2-2: Strikes out looking
Batting: LHB Roberto Sánchez 0-0: Ball
1-0: Called Strike
1-1: Ball
2-1: Foul Ball, location: 2F
2-2: Fly out, F8 (Flyball, 89M)
Bottom of the 4th over - 0 run(s), 0 hit(s), 0 error(s), 0 left on base; Nebraska 0 - Chicago 1
TOP OF THE 5TH
Nebraska Plainsmen batting - Pitching for Chicago Tula : RHP Martin Swanson
Batting: RHB Dani Trejo 0-0: Ball
1-0: Swinging Strike
1-1: Foul Ball, location: 2F
1-2: Strikes out swinging
Batting: LHB Pedro Gutiérrez 0-0: Ground out 4-3 (Groundball, 4)
Batting: RHB Miguel Gómez 0-0: Called Strike
0-1: Called Strike
0-2: Strikes out looking
Top of the 5th over - 0 run(s), 0 hit(s), 0 error(s), 0 left on base; Nebraska 0 - Chicago 1
BOTTOM OF THE 5TH
Chicago Tula batting - Pitching for Nebraska Plainsmen : RHP Manuel Hernández
Batting: LHB Gerald Kaufman 0-0: Ball
1-0: Foul Ball, location: 2F
1-1: Foul Ball, location: 2F
1-2: Foul Ball, location: 2F
1-2: Fly out, F7 (Flyball, 78M)
Batting: RHB Mark Compton 0-0: Called Strike
0-1: Foul Ball, location: 2F
0-2: Ball
1-2: Ball
2-2: Foul Ball, location: 2F
2-2: Ball
3-2: Foul Ball, location: 2F
3-2: SOLO HOME RUN (Flyball, 7D), Distance : 382 ft
Batting: RHB Miguel Cruz 0-0: Foul Ball, location: 2F
0-1: Ball
1-1: Ball
2-1: Ball
3-1: Ground out 1-3 (Groundball, 13S)
Batting: RHB Héctor Hernández 0-0: Foul Ball, location: 2F
0-1: Ball
1-1: Ground out 4-3 (Groundball, 4)
Bottom of the 5th over - 1 run(s), 1 hit(s), 0 error(s), 0 left on base; Nebraska 0 - Chicago 2
TOP OF THE 6TH
Nebraska Plainsmen batting - Pitching for Chicago Tula : RHP Martin Swanson
Batting: LHB Alex Willis 0-0: Ball
1-0: Ball
2-0: Called Strike
2-1: Foul Ball, location: 2F
2-2: Ground out 4-3 (Groundball, 4)
Batting: RHB George St. Clair 0-0: Called Strike
0-1: Swinging Strike
0-2: Strikes out swinging
Batting: RHB Bartolo Benítez 0-0: Ball
1-0: Called Strike
1-1: Foul Ball, location: 2F
1-2: Ball
2-2: Ground out 4-3 (Groundball, 4)
Top of the 6th over - 0 run(s), 0 hit(s), 0 error(s), 0 left on base; Nebraska 0 - Chicago 2
BOTTOM OF THE 6TH
Chicago Tula batting - Pitching for Nebraska Plainsmen : RHP Manuel Hernández
Batting: RHB Gil Nichols 0-0: Called Strike
0-1: Swinging Strike
0-2: Foul Ball, location: 2F
0-2: Foul Ball, location: 2F
0-2: Strikes out looking
Batting: RHB Jorge Rodríguez 0-0: Foul Ball, location: 2F
0-1: Ball
1-1: Ball
2-1: Ball
3-1: Called Strike
3-2: DOUBLE (Line Drive, 5L)
Batting: LHB Arturo Ballina 0-0: Ball
1-0: Ball
2-0: Fly out, F5 (Popup, 5F)
Batting: LHB António González 0-0: Ball
1-0: Ground out 6-3 (Groundball, 6)
Bottom of the 6th over - 0 run(s), 1 hit(s), 0 error(s), 1 left on base; Nebraska 0 - Chicago 2
TOP OF THE 7TH
Nebraska Plainsmen batting - Pitching for Chicago Tula : RHP Martin Swanson
Batting: RHB Young-hwan Hyon 0-0: Called Strike
0-1: Ball
1-1: SINGLE (Line Drive, 6M)
Batting: RHB António Nava 0-0: Called Strike
0-1: Foul Ball, location: 2F
0-2: Strikes out looking
Batting: RHB Mike Thompson 0-0: Grounds into double play, 6-4-3 (Groundball, 6M)
Top of the 7th over - 0 run(s), 1 hit(s), 0 error(s), 0 left on base; Nebraska 0 - Chicago 2
BOTTOM OF THE 7TH
Chicago Tula batting - Pitching for Nebraska Plainsmen : RHP Manuel Hernández
Batting: LHB Roberto Sánchez 0-0: Foul Ball, location: 2F
0-1: Ball
1-1: Ball
2-1: Fly out, F7 (Line Drive, 8LS)
Batting: LHB Gerald Kaufman 0-0: Foul Ball, location: 2F
0-1: Called Strike
0-2: Foul Ball, location: 2F
0-2: Ball
1-2: Strikes out swinging
Batting: RHB Mark Compton 0-0: Ball
1-0: Foul Ball, location: 2F
1-1: Swinging Strike
1-2: Ball
2-2: Foul Ball, location: 2F
2-2: Ball
3-2: Fly out, F9 (Flyball, 9M)
Bottom of the 7th over - 0 run(s), 0 hit(s), 0 error(s), 0 left on base; Nebraska 0 - Chicago 2
TOP OF THE 8TH
Nebraska Plainsmen batting - Pitching for Chicago Tula : RHP Martin Swanson
Batting: RHB Dani Trejo 0-0: Foul Ball, location: 2F
0-1: Ground out 6-3 (Groundball, 6)
Batting: LHB Pedro Gutiérrez 0-0: DOUBLE (Line Drive, 78M)
Batting: RHB Miguel Gómez 0-0: SINGLE (Groundball, 56)
Pedro Gutiérrez to third
Runner from 3rd tries for Home, SAFE, throw made home
Batting: LHB Alex Willis 0-0: Ball
1-0: Called Strike
1-1: Foul Ball, location: 2F
1-2: SINGLE (Line Drive, 34D)
Miguel Gómez to second
Pinch Runner at 2nd Manny Rodríguez:
Batting: RHB George St. Clair 0-0: Ball
1-0: Fly out, F9 (Flyball, 89M)
Batting: RHB Bartolo Benítez 0-0: Ball
1-0: Called Strike
1-1: Foul Ball, location: 2F
1-2: Strikes out swinging
Top of the 8th over - 1 run(s), 3 hit(s), 0 error(s), 2 left on base; Nebraska 1 - Chicago 2
BOTTOM OF THE 8TH
Chicago Tula batting - Pitching for Nebraska Plainsmen : RHP Manuel Hernández
Now at 1B: Javier Zumaya
Batting: RHB Miguel Cruz 0-0: Fly out, F6 (Line Drive, 6M)
Batting: RHB Héctor Hernández 0-0: Ball
1-0: Ball
2-0: Called Strike
2-1: Ball
3-1: Foul Ball, location: 2F
3-2: Base on Balls
Pitching: RHP Jim Unknown
Pinch Hitting: LHB Cole Thrash 0-0: Ball
1-0: Ball
Héctor Hernández steals 2nd base
2-0: Intentional Walk
Batting: RHB Jorge Rodríguez 0-0: Called Strike
0-1: Ball
1-1: Ball
2-1: Grounds into double play, 1-6-3 (Groundball, 13S)
Bottom of the 8th over - 0 run(s), 0 hit(s), 0 error(s), 1 left on base; Nebraska 1 - Chicago 2
TOP OF THE 9TH
Nebraska Plainsmen batting - Pitching for Chicago Tula : RHP Martin Swanson
Pitching: LHP Héctor Rodríguez
Now at 1B: Gart Steenis
Now at 2B: Arturo Aguilar
Now in RF: Man-u Yi
Batting: RHB Young-hwan Hyon 0-0: Ball
1-0: Fly out, F3 (Popup, 34)
Pinch Hitting: RHB Ricardo Baraja 0-0: SOLO HOME RUN (Flyball, 78XD), Distance : 406 ft
Batting: RHB Mike Thompson 0-0: Ball
1-0: Called Strike
1-1: SINGLE (Line Drive, 9LS)
Batting: RHB Dani Trejo 0-0: Foul Ball, location: 2F
0-1: Fly out, F8 (Flyball, 78M)
Pinch Hitting: RHB Jim Unknown 0-0: Called Strike
0-1: Ball
1-1: Ball
2-1: Ball
3-1: Foul Ball, location: 2F
3-2: Foul Ball, location: 2F
3-2: Base on Balls
Mike Thompson to second
Pinch Runner at 2nd Thom Marshall:
Batting: SHB Javier Zumaya 0-0: Ball
1-0: Ball
2-0: Swinging Strike
2-1: Ball
Passed Ball!
Thom Marshall to third
Jim Unknown to second
3-1: Foul Ball, location: 2F
3-2: Strikes out swinging
Top of the 9th over - 1 run(s), 2 hit(s), 0 error(s), 2 left on base; Nebraska 2 - Chicago 2
BOTTOM OF THE 9TH
Chicago Tula batting - Pitching for Nebraska Plainsmen : RHP Jim Unknown
Now at C: Ricardo Baraja
Now at 3B: Thom Marshall
Now in LF: Jim Unknown
Batting: LHB Arturo Ballina 0-0: Ball
1-0: Ball
2-0: Ball
3-0: Called Strike
3-1: Called Strike
3-2: Fly out, F7 (Flyball, 7LSF)
Batting: LHB António González 0-0: Ball
1-0: Called Strike
1-1: Swinging Strike
1-2: Strikes out swinging
Pinch Hitting: RHB Jim Unknown 0-0: Ball
1-0: Foul Ball, location: 2F
1-1: Hit by Pitch
Pinch Hitting: LHB Kichisaburo Otani 0-0: Hit by Pitch
Jim Unknown to second
Pinch Hitting: SHB Vince Barrowcliff 0-0: Called Strike
0-1: Ball
1-1: Foul Ball, location: 2F
1-2: Ground out 4-3 (Groundball, 4)
Bottom of the 9th over - 0 run(s), 0 hit(s), 0 error(s), 2 left on base; Nebraska 2 - Chicago 2
TOP OF THE 10TH
Nebraska Plainsmen batting - Pitching for Chicago Tula : LHP Héctor Rodríguez
Now at C: Jake Richardson
Now at 1B: Jim Unknown
Now in CF: Kichisaburo Otani
Batting: LHB Alex Willis 0-0: Foul Ball, location: 2F
0-1: Ball
1-1: Foul Ball, location: 2F
1-2: Strikes out swinging
Batting: RHB George St. Clair 0-0: Ball
1-0: Called Strike
1-1: Swinging Strike
1-2: Ball
2-2: Foul Ball, location: 2F
2-2: Strikes out looking
Batting: RHB Bartolo Benítez 0-0: Foul Ball, location: 2F
0-1: Foul Ball, location: 2F
0-2: Foul Ball, location: 2F
0-2: Ball
1-2: Foul Ball, location: 2F
1-2: Strikes out swinging
Top of the 10th over - 0 run(s), 0 hit(s), 0 error(s), 0 left on base; Nebraska 2 - Chicago 2
BOTTOM OF THE 10TH
Chicago Tula batting - Pitching for Nebraska Plainsmen : RHP Jim Unknown
Batting: RHB Miguel Cruz 0-0: Ground out 6-3 (Groundball, 56)
Batting: RHB Héctor Hernández 0-0: Ball
1-0: Ball
2-0: Ball
3-0: Called Strike
3-1: Base on Balls
Pinch Hitting: RHB Tony Cantú 0-0: Called Strike
0-1: Ball
1-1: Called Strike
1-2: Fly out, F8 (Line Drive, 8LM)
Batting: RHB Man-u Yi 0-0: Ball
1-0: Swinging Strike
1-1: Called Strike
Héctor Hernández steals 2nd base
1-2: Ball
2-2: Foul Ball, location: 2F
2-2: Strikes out looking
Bottom of the 10th over - 0 run(s), 0 hit(s), 0 error(s), 1 left on base; Nebraska 2 - Chicago 2
TOP OF THE 11TH
Nebraska Plainsmen batting - Pitching for Chicago Tula : LHP Héctor Rodríguez
Pitching: RHP Jim Unknown
Now at 2B: Paddy Kos
Batting: RHB Young-hwan Hyon 0-0: Ball
1-0: Foul Ball, location: 2F
1-1: Foul Ball, location: 2F
1-2: Strikes out swinging
Batting: RHB Ricardo Baraja 0-0: Ball
1-0: Ball
2-0: Ball
3-0: Called Strike
3-1: Foul Ball, location: 2F
3-2: Strikes out looking
Batting: SHB Thom Marshall 0-0: Ball
1-0: Swinging Strike
1-1: Fly out, F5 (Popup, 5F)
Top of the 11th over - 0 run(s), 0 hit(s), 0 error(s), 0 left on base; Nebraska 2 - Chicago 2
BOTTOM OF THE 11TH
Chicago Tula batting - Pitching for Nebraska Plainsmen : RHP Jim Unknown
Batting: LHB Arturo Ballina 0-0: Ball
1-0: Called Strike
1-1: SINGLE (Line Drive, 89S)
Batting: LHB António González 0-0: Foul Ball, location: 2F
0-1: Ball
1-1: Fly out, F3 (Popup, 4MS)
Batting: RHB Jim Unknown 0-0: Ball
1-0: Ball
2-0: Ground out 5-3 (Groundball, 5S)
Arturo Ballina to second
Pitching: LHP Freek Belt
Batting: LHB Kichisaburo Otani 0-0: Called Strike
0-1: Ball
1-1: Ball
2-1: SINGLE (Line Drive, 5D)
Arturo Ballina to third
Runner from 3rd tries for Home, SAFE, no throw or cutoff
This league is powered by Out of the Park Baseball, the baseball management simulation game for PC, Mac and Linux
Friday, April 15th, 2016 - OOTP Baseball 16.9 Build 39